 Dungeon Crawl Stone Soup version 0.31.0-9-g3a7656b989 (webtiles) character file.

Game seed: 11194336460040280594

1424 EnegeticOcto the Ruffian (level 8, 80/80 HPs)
             Began as a Troll Fighter on Jan 31, 2024.
             Was the Champion of Zin.
             Quit the game on level 5 of the Dungeon.
             The game lasted 00:03:25 (3499 turns).

EnegeticOcto the Ruffian (Troll Fighter)            Turns: 3499, Time: 00:03:26

Health: 80/80      AC:  5    Str: 27    XL:     8   Next: 44%
Magic:  7/7        EV:  9    Int:  4    God:    Zin [******]
Gold:   147        SH:  8    Dex:  9    Spells: 7/7 levels left

rFire   . .          .
                       - Unarmed
rCold   . . .        b - +0 kite shield
rNeg    . . .        a - +0 robe
rPois   .            (helmet restricted)
rElec   .            g - +0 cloak
rCorr   .            (gloves unavailable)
SInv    .            (boots unavailable)
Will    .....        (no amulet)
Stlth   +            (no ring)
HPRegen 1.13/turn    (no ring)
MPRegen 0.10/turn

%: no passive effects
@: no status effects
A: large, unfitting armour, claws 3, regeneration 1, shaggy fur 1, tough skin 1
a: Renounce Religion, Recite, Vitalisation, Imprison, Sanctuary, Donate Gold


You were on level 5 of the Dungeon.
You worshipped Zin.
Zin was exalted by your worship.
You visited 1 branch of the dungeon, and saw 5 of its levels.

You collected 533 gold pieces.
You donated 386 gold pieces to Zin.

Inventory:

Missiles
 r - 3 curare-tipped darts (quivered)
Armour
 a - a +0 robe (worn)
 b - a +0 kite shield (worn)
 g - a +0 cloak (worn)
   (You found it on level 1 of the Dungeon)
Jewellery
 c - a ring of willpower
   (You found it on level 4 of the Dungeon)
Scrolls
 d - a scroll of brand weapon
 f - 2 scrolls of amnesia
 l - 2 scrolls of enchant weapon
 o - a scroll of vulnerability
 p - a scroll of poison {!r}
 q - a scroll of fear {!r}
 t - a scroll of identify {@r1}
Potions
 e - a potion of heal wounds {@q2 !q}
 h - a potion of berserk rage
 i - 3 potions of curing {@q1 !q}
 j - a potion of lignification {@q6}
 k - a potion of enlightenment {unknown}
 m - a potion of haste {unknown}
 n - a potion of brilliance
 s - a potion of ambrosia {unknown}
 u - a potion of mutation {unknown}


   Skills:
 + Level 5.0 Fighting
 - Level 2.4 Dodging
 + Level 5.4 Shields
 * Level 7.7 Unarmed Combat


You had 7 spell levels left.
You didn't know any spells.
Your spell library contained the following spells:

 Spells                   Type           Power      Damage    Failure   Level
 Frozen Ramparts          Ice            0%         1d1       97%         3
 Tukima's Dance           Hex            0%         N/A       97%         3
 Dimensional Bullseye     Hex/Tloc       0%         N/A       100%        4
 Iskenderun's Mystic Bla  Conj/Tloc      0%         2d3       100%        4
 Leda's Liquefaction      Alch/Erth      0%         N/A       100%        4
 Petrify                  Alch/Erth      0%         N/A       100%        4
 Metabolic Englaciation   Hex/Ice        0%         N/A       100%        5


Dungeon Overview and Level Annotations

Branches:
Dungeon (5/15) Zot: 26443
 Temple: D:4-7

Altars:
Elyvilon
Fedhas
Hepliaklqana
Kikubaaqudgha
Makhleb
Qazlal
Ru
Trog
Zin
The Shining One

Shops:
D:1 =

Annotations:
D:4 1 runed translucent door, Crazy Yiuf


Innate Abilities, Weirdness & Mutations

You are too large for most types of armour.
You have claws for hands.
Your natural rate of healing is unusually fast.
You are covered in fur. (AC +1)
You have tough skin. (AC +1)


Message History

Found a metallic golden potion.
Found an escape hatch in the ceiling.
The jelly quivers.
There is an open door here.
You mangle the jelly!!
You kill the jelly!
The scorpion barely misses you.
You claw the scorpion!
The scorpion is moderately wounded.
The scorpion stings you.
You closely miss the scorpion.
The scorpion is moderately wounded.
The scorpion stings you.
You claw the scorpion!
You kill the scorpion!
No target in view!
No target in view!
No target in view!
No target in view!
No target in view!
No target in view!
No target in view!
u - a metallic golden potion You open the door.
Found a white marble altar of Elyvilon and a bloodstained altar of Trog.
No target in view!
No target in view!
No target in view!
No target in view!
No target in view!
Found 6 stones.
There is an open door here.
There is an open door here.
There is an open door here.
You see here an adder corpse.
Things that are here:
a +0 giant club; an ogre corpse You open the door.
You see here an adder corpse.
You see here a serpent talisman.
You open the door.
There is an open door here.
You pay a tithe of 2 gold.
Zin will now cleanse your potions of mutation.
You now have 147 gold pieces (gained 14).
There is an open door here.
Found a hand axe.
i - 3 potions of curing {@q1 !q} (gained 1)
Found a stone staircase leading up.
Found 2 stones.
No target in view!
No target in view!
No target in view!
No target in view!
You see here 2 stones.
An orc and a hound come into view.
The hound barks!
The hound bites you.
There are monsters nearby!
You scratch the hound.
The hound is lightly wounded.
The hound barely misses you.
You barely miss the hound.
The hound is lightly wounded.
The hound bites you. The hound bites you but does no damage.
You mangle the hound!!
You kill the hound!
Your Fighting skill increases to level 5!
You block the orc's attack.
You scratch the orc.
The orc is lightly wounded.
You barely miss the orc.
The orc is lightly wounded.
The orc hits you with a +0 hand axe.
You scratch the orc.
You kill the orc!
No target in view!
No target in view!
No target in view!
No target in view!
You see here a +0 hand axe.
There is a stone staircase leading down here.
You open the door.
There is an open door here.
There is an open door here.
You open the door.
There is an open door here.
Found a stormy altar of Qazlal.
Done exploring.
Done exploring.
Done exploring.
No target in view!
No target in view!
No target in view!
No target in view!
No target in view!
Done exploring.
Done exploring.
Done exploring.
Okay, then.
Are you sure you want to abandon this character and quit the game? (Confirm with "yes".)

#####
....##############
......)).........#
.....###########.#
.....†.......# #.#
....########.###.#
....'....# #...#.#
....####.# ###.#.#
....# #.# #.#@#
...## #.#####.#.#
...# #.#.....#.#
...# #.#.#####.#
...# #.#<# #.#
...# #.#######.#
...# #.........#
...# ###########.#
...# #........##.#


There were no monsters in sight!

Vanquished Creatures
  Sigmund (D:4)
  2 water moccasins (D:5)
  A black bear (D:4)
  A centaur (D:4)
  2 ogres
  Blork the orc (D:4)
  A scorpion (D:5)
  2 hounds
  2 bombardier beetles (D:4)
  A jelly (D:5)
  2 orc priests (D:5)
  3 iron imps (D:3)
  A sleepcap (D:4)
  Terence (D:2)
  3 iguanas
  2 orc wizards
  4 adders
  2 ribbon worms (D:2)
  4 dart slugs
  10 orcs
  8 endoplasms
  5 giant cockroaches
  6 hobgoblins
  2 jackals (D:3)
  9 kobolds
  6 quokkas
  8 ball pythons
  5 bats
  3 goblins (D:4)
  4 rats
102 creatures vanquished.

Notes
Turn   | Place    | Note
-------+----------+-------------------------------------------
     0 | D:1      | EnegeticOcto the Troll Fighter began the quest for the Orb.
     0 | D:1      | Reached XP level 1. HP: 22/22 MP: 0/0
   125 | D:1      | Reached XP level 2. HP: 29/29 MP: 1/1
   140 | D:1      | Found Ynniepti's Jewellery Boutique.
   611 | D:2      | Reached skill level 3 in Shields
   927 | D:2      | Reached XP level 3. HP: 36/36 MP: 2/2
   981 | D:2      | Noticed Terence
   997 | D:2      | Killed Terence
   998 | D:2      | Reached skill level 3 in Unarmed Combat
  1331 | D:3      | Found a hazy altar of Hepliaklqana.
  1420 | D:3      | Found a faded altar of an unknown god.
  1436 | D:3      | Reached XP level 4. HP: 44/44 MP: 3/3
  1444 | D:3      | Reached skill level 3 in Fighting
  1457 | D:3      | Prayed at the altar of an unknown god.
  1457 | D:3      | Became a worshipper of Zin the Law-Giver
  1457 | D:3      | Reached * piety under Zin
  1519 | D:3      | Reached ** piety under Zin
  1527 | D:3      | Found a sacrificial altar of Ru.
  1566 | D:3      | Found a burning altar of Makhleb.
  1580 | D:3      | Reached skill level 4 in Unarmed Combat
  1580 | D:3      | Reached XP level 5. HP: 52/53 MP: 4/4
  1645 | D:3      | Found an ancient bone altar of Kikubaaqudgha.
  1842 | D:4      | Noticed Sigmund
  1848 | D:4      | Killed Sigmund
  1849 | D:4      | Reached skill level 4 in Shields
  1849 | D:4      | Reached skill level 5 in Unarmed Combat
  1849 | D:4      | Reached XP level 6. HP: 61/61 MP: 5/5
  1929 | D:4      | Reached *** piety under Zin
  1986 | D:4      | Reached XP level 7. HP: 65/68 MP: 6/6
  1996 | D:4      | Reached **** piety under Zin
  2026 | D:4      | Reached skill level 4 in Fighting
  2047 | D:4      | Reached ***** piety under Zin
  2067 | D:4      | Reached skill level 6 in Unarmed Combat
  2255 | D:4      | Donated 217 gold pieces to Zin
  2301 | D:4      | Found a glowing golden altar of the Shining One.
  2319 | D:4      | Noticed Blork the orc
  2377 | D:4      | Killed Blork the orc
  2415 | D:4      | Found a blossoming altar of Fedhas.
  2654 | D:4      | Found a runed translucent door.
  2655 | D:4      | Noticed Crazy Yiuf
  2873 | D:4      | Donated 116 gold pieces to Zin
  2940 | D:5      | Entered Level 5 of the Dungeon
  2949 | D:5      | Reached skill level 5 in Shields
  2949 | D:5      | Reached XP level 8. HP: 69/79 MP: 7/7
  3001 | D:5      | Reached skill level 7 in Unarmed Combat
  3225 | D:5      | Found a white marble altar of Elyvilon.
  3225 | D:5      | Found a bloodstained altar of Trog.
  3300 | D:5      | Reached ****** piety under Zin
  3373 | D:5      | Reached skill level 5 in Fighting
  3481 | D:5      | Found a stormy altar of Qazlal.
  3499 | D:5      | Quit the game

Illustrated notes

Levels and vault maps discovered:
D:1:      psy_arrival_conway, layout_basic, serial_shops,
          nicolae_shop_pleasant_corner_grove
D:2:      layout_loops_ring, serial_rivers, chequers_serial_rivers_small_b,
          chequers_serial_rivers_micro_b, chequers_serial_rivers_micro_e,
          chequers_serial_rivers_micro_b, uniq_terence
D:3:      layout_basic, demons_altar, kiku_gazebo_pond_becter,
          mainiacjoe_overflow_boulevard, lemuel_doored_altar,
          shapermc_ecumenical_altar_totnotflames
D:4:      minmay_polygon_palace, layout_basic,
          mainiacjoe_overflow_surrounded_room, nicolae_tso_carved_into_rock,
          chequers_serial_rivers_micro_b, uniq_blork_the_orc, uniq_sigmund,
          uniq_crazy_yiuf_cottage
D:5:      layout_basic, nicolae_qazlal_eye_of_the_storm,
          mainiacjoe_overflow_divided_tiny, minmay_temple_entry_from_below_a

Skill      XL: |  1  2  3  4  5  6  7  8 |
---------------+-------------------------+-----
Shields        | 3 4 5 |  5.4
Unarmed Combat | 3 4 5 6 7 |  7.7
Fighting       | 3 4 5 |  5.0
Dodging        | |  2.4

Action                     |  1- 3 |  4- 6 |  7- 9 || total
---------------------------+-------+-------+-------++-------
  Melee: Unarmed           |    88 |    78 |   130 ||   296
 Invoke: Donate Gold       |       |       |     2 ||     2
    Use: Scroll            |       |       |     9 ||     9
         Potion            |       |       |     4 ||     4
 Armour: Robe              |    44 |    56 |    86 ||   186
  Dodge: Dodged            |    20 |    29 |    50 ||    99
  Block: Kite shield       |    30 |    31 |    59 ||   120

Table legend:
 A = Kills in this place as a percentage of kills in the entire game.
 B = Kills by you in this place as a percentage of kills by you in the entire game.
 C = Kills by friends in this place as a percentage of kills by friends in the entire game.
 D = Other kills in this place as a percentage of other kills in the entire game.
 E = Experience gained in this place as a percentage of experience gained in the entire game.
 F = Experience gained in this place divided by the number of levels of this place that you have seen.
                   A       B       C       D       E      F
               +-------+-------+-------+-------+-------+----------------------
         Total | 100.0 | 100.0 |   N/A |   N/A | 100.0 | 407.0
       Dungeon | 100.0 | 100.0 |   N/A |   N/A | 100.0 | 407.0
               +-------+-------+-------+-------+-------+----------------------

Table legend: (Time is in decaauts)
 A = Elapsed time spent in this place.
 B = Non-inter-level travel time spent in this place.
 C = Inter-level travel time spent in this place.
 D = Time resting spent in this place.
 E = Time spent auto-exploring this place.
 F = Levels seen in this place.
 G = Mean time per level.
                   A        B        C        D        E       F      G
               +--------+--------+--------+--------+--------+-----+--------+
         Total |   3502 |   3354 |    148 |      7 |   2674 |   5 |  700.4 |
       Dungeon |   3502 |   3354 |    148 |      7 |   2674 |   5 |  700.4 |
               +--------+--------+--------+--------+--------+-----+--------+

Top non-repeatable levels by time:
     D:4: 1140 daAuts
     D:2: 681 daAuts
     D:3: 587 daAuts
     D:5: 556 daAuts
     D:1: 537 daAuts
